AoeStats
← La pomme1

Arabia

510086966Analyzed
1v1 RM · 4d ago on Sep 29, 2026· 41m 20s· 2 players
Game mode
Random Map
Map size
Tiny (2 player)
Population
200
Speed
Normal
Resources
Standard
Victory
Conquest
Starting age
Dark Age
Ending age
Imperial Age
RankedLock teamsTeams togetherTeam positionsShared explorationLock speedFull tech treeHidden civsTurbo modeCheats
Victory
Defeat
🇫🇷 Burmese · France
1063
+16
🇱🇧 Tupi · Lebanon
1054
-16
La pomme1
7:51 Loom
10:28 Feudal Age
17:32 Champi Runner
24:19 Castle Age
22:35 Double-Bit Axe
22:54 Horse Collar
23:12 Fletching
24:54 Crossbowman
27:36 Ballistics
27:15 Pikeman
28:35 Bow Saw
33:20 Wheelbarrow
36:44 Bodkin Arrow
36:50 Padded Archer Armor
38:59 Gold Mining
42:59 Imperial Age
Mont rouge de sang
6:23 Loom
9:32 Feudal Age
9:42 Man-at-Arms
14:29 Horse Collar
22:53 Castle Age
21:39 Scale Barding Armor
22:29 Wheelbarrow
22:40 Forging
22:36 Fletching
23:40 Bloodlines
23:37 Husbandry
27:10 Hand Cart
27:07 Gold Mining
30:24 Gambesons
35:20 Imperial Age
33:51 Stone Mining
36:44 Chain Barding Armor
37:51 Elite Battle Elephant
39:10 Iron Casting
39:44 Conscription
40:40 Plate Barding Armor
39:45 Pikeman
40:25 Squires
Connection lost

Rejoining the realm…

Still unreachable

The connection could not be restored.

Session expired

The server has moved on; the page needs a fresh start.